 Dungeon Crawl Stone Soup version 0.17.1-3-g152610e (webtiles) character file.

70 Getsumi3 the Covert (level 4, -1/22 HPs)
             Began as a Spriggan Assassin on Apr 13, 2016.
             Slain by a jackal (3 damage)
             ... on level 3 of the Dungeon.
             The game lasted 00:12:47 (1752 turns).

Getsumi3 the Covert (Spriggan Assassin)             Turns: 1752, Time: 00:12:48

Health: -1/22      AC:  4    Str:  7    XL:     4   Next: 4%
Magic:  0/5        EV: 17    Int: 12    God:
Gold:   56         SH:  0    Dex: 18    Spells: 0 memorised, 3 levels left

rFire  . . .     SeeInvis +     a - +2 dagger
rCold  + . .     Clarity  .     b - +0 robe
rNeg   . . .     SustAt   .     (shield restricted)
rPois  .         Gourm    .     l - +1 hat
rElec  .         Spirit   +     d - +0 cloak
rCorr  .         Warding  .     (gloves unavailable)
rMut   .         Stasis   .     (boots unavailable)
MR     .....                    i - amulet of guardian spirit
Stlth  +++++.....               (no ring)
                                j - ring of protection from cold

@: very quick, not resistant to hostile enchantments, quite stealthy
A: unfitting armour, see invisible, herbivore 3, speed 3, slow metabolism 2
a: no special abilities


You were on level 3 of the Dungeon.
You were not hungry.

You visited 1 branch of the dungeon, and saw 3 of its levels.

You collected 56 gold pieces.

Inventory:

Hand Weapons
 a - a +2 dagger (weapon)
 c - a +0 blowgun
Missiles
 e - 14 poisoned needles
 f - 2 curare-tipped needles
 m - 100 stones (quivered)
Armour
 b - a +0 robe (worn)
 d - a +0 cloak (worn)
 l - a +1 hat (worn)
Jewellery
 i - an amulet of guardian spirit (around neck)
 j - a ring of protection from cold (left hand)
Scrolls
 p - a scroll of immolation {unknown}
 q - 2 scrolls of teleportation {unknown}
 r - a scroll of remove curse
 s - a scroll of identify {unknown}
 t - 2 scrolls of blinking
Potions
 h - a potion of mutation {unknown}
 o - a potion of curing {unknown}
Comestibles
 g - 2 bread rations
 k - 4 fruits


   Skills:
 - Level 1.5 Fighting
 - Level 2.1 Short Blades
 - Level 2.1 Throwing
 + Level 1.5 Dodging
 * Level 8.4 Stealth


You had 3 spell levels left.
You didn't know any spells.

Dungeon Overview and Level Annotations

Branches:
Dungeon (3/15)

Altars:
Vehumet


Innate Abilities, Weirdness & Mutations

You are tiny and cannot use many weapons and most armour.
You have supernaturally acute eyesight.
You are a herbivore.
You cover ground extremely quickly.
You need consume almost no food.


Message History

The jackal is severely wounded.
The jackal misses you. The orc barely misses you. The jackal misses you.
You hit the jackal.
You kill the jackal!
The orc priest calls down the wrath of Beogh upon you.
Something smites you!
Ouch! That really hurt!
* * * LOW HITPOINT WARNING * * *
The orc misses you.
You hit the orc priest but do no damage.
The jackal closely misses you.
The orc priest mumbles some strange prayers to Beogh against you.
Pain shoots through your body!
* * * LOW HITPOINT WARNING * * *
The orc hits you.
* * * LOW HITPOINT WARNING * * *
The jackal barely misses you.
As you read the scroll of fog, it crumbles to dust.
The scroll dissolves into smoke.
The jackal bites you.
You die...

#.####.#).#..... ###.#
#.#..#..##. #<#.#
##....#..... #.#.#
#........##. +######.#.#
#........##. ........#.#
#.......<.'† .....§.§#.#
#....†..###. .....§oo#.#
#........... #@#)#
#........### ##
.######h#.###....†...#..
...
......Sh#..............#
###
.....l..#...............
........'.........##....
........#######.#..##...
........# #.#..##)..
?.......# #.##.##...
######### #.##.##...


You could see an orc priest, an adder, an orc and 2 jackals.

Vanquished Creatures
  3 oozes
  2 worms (D:2)
  A giant gecko (D:2)
  An orc (D:3)
  4 giant cockroaches
  8 goblins
  3 hobgoblins
  9 jackals
  4 kobolds
  3 bats
  10 giant newts
  3 rats
51 creatures vanquished.

Notes
Turn   | Place    | Note
--------------------------------------------------------------
     0 | D:1      | Getsumi3 the Spriggan Assassin began the quest for the Orb.
     0 | D:1      | Reached XP level 1. HP: 10/10 MP: 2/2
    39 | D:1      | Reached skill level 6 in Stealth
   140 | D:1      | Reached XP level 2. HP: 14/14 MP: 0/3
   238 | D:1      | Reached skill level 7 in Stealth
   485 | D:1      | Reached XP level 3. HP: 16/18 MP: 2/4
  1330 | D:3      | Reached skill level 8 in Stealth
  1601 | D:3      | Found a radiant altar of Vehumet.
  1743 | D:3      | Reached XP level 4. HP: 19/22 MP: 5/5
  1751 | D:3      | HP: 1/22 [orc (1)]
  1752 | D:3      | Slain by a jackal

Action                   |  1- 3 |  4- 6 || total
-------------------------+-------+-------++-------
Melee: Dagger            |    95 |     8 ||   103
 Fire: Blowgun           |    11 |       ||    11
Throw: Stone             |     7 |       ||     7
  Use: Scroll            |     3 |     1 ||     4
 Stab: Sleeping          |    26 |       ||    26
